AoeStats
← istorm

Arena

504876819Analyzed
4v4 RM · 24d ago on Sep 6, 2026· 38m 28s· 8 players
Game mode
Random Map
Map size
Large (8 player)
Population
200
Speed
Normal
Resources
Standard
Victory
Conquest
Starting age
Dark Age
Ending age
Imperial Age
RankedLock teamsTeams togetherTeam positionsShared explorationLock speedFull tech treeHidden civsTurbo modeCheats
Victory
Defeat
🇧🇪 Dravidians · Belgium
1792
+6
🇳🇱 Lithuanians · Netherlands
1763
+6
🇩🇪 Ethiopians · Germany
1629
+11
🇬🇧 Inca · United Kingdom
1548
+13
🇹🇷 Goths · Türkiye
1564
-11
🇦🇷 Romans · Argentina
1523
-9
🇲🇽 Burgundians · Mexico
1518
-9
🇦🇹 Franks · Austria
1466
-7
Manu
4:48 Double-Bit Axe
6:52 Horse Collar
10:19 Feudal Age
14:59 Castle Age
14:43 Bow Saw
15:09 Heavy Plow
21:23 Wheelbarrow
21:44 Stone Mining
22:41 Town Watch
23:27 Hand Cart
23:28 Loom
24:58 Two-Man Saw
24:52 Gold Mining
26:54 Gold Shaft Mining
27:02 Scale Barding Armor
26:59 Husbandry
26:22 Cavalier
28:22 Chain Barding Armor
28:20 Husbandry
28:36 Burgundian Vineyards
31:25 Imperial Age
29:11 Forging
30:35 Stone Shaft Mining
32:44 Plate Barding Armor
31:31 Paladin
33:01 Conscription
34:34 Iron Casting
37:08 Blast Furnace
38:25 Chemistry
37:45 Fletching
istorm
10:24 Feudal Age
14:43 Castle Age
13:20 Double-Bit Axe
13:46 Horse Collar
15:52 Bow Saw
16:22 Heavy Plow
22:03 Loom
28:16 Wheelbarrow
33:28 Imperial Age
31:27 Caravan
34:38 Conscription
35:20 Chemistry
36:09 Siege Engineers
37:16 Heavy Scorpion
Kr4mer
10:03 Feudal Age
14:18 Castle Age
12:21 Double-Bit Axe
12:44 Horse Collar
15:10 Bow Saw
15:00 Heavy Plow
21:44 Stone Mining
22:59 Loom
23:01 Town Watch
23:55 Wheelbarrow
23:27 Gold Mining
25:25 Hand Cart
29:06 Imperial Age
27:03 Scale Mail Armor
27:14 Forging
26:42 Pikeman
27:58 Anarchy
28:25 Chain Mail Armor
27:39 Man-at-Arms
28:20 Squires
29:47 Iron Casting
30:10 Conscription
29:51 Perfusion
29:12 Elite Huskarl
29:52 Long Swordsman
29:59 Halberdier
31:53 Blast Furnace
30:28 Two-Handed Swordsman
31:14 Champion
39:04 Chemistry
IRON MIKE
6:59 Loom
10:11 Feudal Age
14:09 Castle Age
14:34 Double-Bit Axe
19:50 Town Watch
20:46 Wheelbarrow
22:27 Scale Barding Armor
22:32 Forging
23:58 Husbandry
24:27 Light Cavalry
27:26 Devotion
31:27 Imperial Age
29:21 Bow Saw
31:45 Iron Casting
31:36 Hand Cart
31:30 Cavalier
32:33 Chain Barding Armor
34:06 Blast Furnace
35:13 Siege Engineers
36:13 Chemistry
37:00 Paladin
Rex Caedis
10:15 Feudal Age
13:58 Castle Age
12:07 Double-Bit Axe
12:03 Horse Collar
14:56 Bow Saw
14:46 Heavy Plow
15:29 Wheelbarrow
19:34 Wheelbarrow
22:31 Gold Mining
22:32 Stone Mining
23:17 Loom
27:29 Imperial Age
25:30 Scale Mail Armor
26:09 Gold Shaft Mining
26:12 Hand Cart
27:18 Chain Mail Armor
27:27 Ballistics
27:07 Town Watch
27:43 Squires
27:57 Forging
29:14 Chemistry
29:23 Two-Man Saw
28:51 Heavy Scorpion
30:28 Plate Mail Armor
30:05 Fletching
30:33 Halberdier
31:49 Iron Casting
33:30 Torsion Engines
36:06 Blast Furnace
35:56 Stone Shaft Mining
36:27 Conscription
36:03 Bodkin Arrow
36:20 Siege Engineers
37:16 Bodkin Arrow
37:33 Masonry
37:37 Murder Holes
38:16 Coinage
37:56 Guilds
Hans the Waller
10:36 Feudal Age
14:57 Castle Age
12:49 Double-Bit Axe
13:00 Horse Collar
16:03 Bow Saw
21:33 Wheelbarrow
24:12 Heavy Plow
26:33 Hand Cart
26:06 Loom
26:06 Town Watch
26:35 Gold Mining
26:35 Stone Mining
31:06 Imperial Age
28:56 Forging
28:52 Scale Barding Armor
28:47 Scale Mail Armor
30:09 Bloodlines
30:00 Husbandry
31:01 Chain Barding Armor
31:18 Iron Casting
32:07 Fortified Wall
31:22 Cavalier
35:36 Two-Man Saw
36:01 Plate Barding Armor
35:57 Paladin
39:04 Coinage
Alakay
11:05 Feudal Age
12:22 Double-Bit Axe
14:37 Castle Age
12:37 Horse Collar
15:36 Bow Saw
15:26 Heavy Plow
26:39 Wheelbarrow
27:24 Gold Mining
28:17 Hand Cart
31:48 Imperial Age
29:43 Loom
31:05 Sanctity
31:29 Fletching
31:39 Padded Archer Armor
32:27 Bodkin Arrow
32:26 Elite Elephant Archer
34:00 Thumb Ring
34:28 Squires
34:13 Gambesons
34:31 Bracer
34:47 Leather Archer Armor
35:39 Chemistry
34:54 Stone Mining
36:00 Ballistics
36:25 Town Watch
37:13 Ring Archer Armor
[DAO] Encoded29
10:33 Feudal Age
15:24 Castle Age
14:07 Double-Bit Axe
15:15 Gold Mining
15:08 Horse Collar
16:19 Bow Saw
17:11 Crossbowman
17:59 Fletching
19:54 Bodkin Arrow
25:22 Wheelbarrow
25:54 Wheelbarrow
25:08 Town Watch
26:05 Loom
27:22 Gold Mining
29:42 Squires
29:27 Arson
33:02 Imperial Age
31:10 Scale Mail Armor
32:56 Chain Mail Armor
32:51 Forging
32:54 Heavy Plow
34:25 Conscription
34:36 Plate Mail Armor
35:43 Elite Kamayuk
39:15 Iron Casting
Connection lost

Rejoining the realm…

Still unreachable

The connection could not be restored.

Session expired

The server has moved on; the page needs a fresh start.